 Dungeon Sprint DCSS version 0.28-a0-1518-gbe868bca14 (webtiles) character file.

Game seed: 14948052119735293540

62519 mhtbhm the Phalangite (level 14, -14/165 HPs)
             Began as a Purple Draconian Berserker on Jan 16, 2022.
             Was the Champion of Trog.
             Killed from afar by an ironbound frostheart (30 damage)
             ... by creeping frost
             ... in the Dungeon (Sprint IX: "|||||||||||||||||||||||||||||").
             The game lasted 00:11:45 (7675 turns).

mhtbhm the Phalangite (Purple Draconian Berserker)  Turns: 7675, Time: 00:11:45

Health: -14/165    AC:  9    Str: 30    XL:     14   Next: 64%
Magic:  14/14      EV: 18    Int:  8    God:    Trog [******]
Gold:   1473       SH:  0    Dex: 10    Spells: 13/13 levels left

rFire   . . .      SeeInvis +   a - +11 glaive of Eternal War {vorpal, *Noise rCorr Str+5 SInv}
rCold   . . .      Faith    .   (shield currently unavailable)
rNeg    . . .      Spirit   .   (armour unavailable)
rPois   +          Reflect  .   u - +0 hat
rElec   .          Harm     .   (no cloak)
rCorr   +          Rampage  .   t - +0 pair of gloves
Will    ++...      NoTele   +   (no boots)
Stlth   +++++.....              (no amulet)
HPRegen 0.37/turn               o - ring of poison resistance
MPRegen 0.14/turn               n - +4 ring of slaying

@: frozen, on berserk cooldown, slowed, very slow
A: breathe power, AC +8, unfitting armour, cold-blooded
a: Breathe Dispelling Energy, Renounce Religion, Berserk, Trog's Hand, Brothers
in Arms


You were in the Dungeon.
You worshipped Trog.
Trog was exalted by your worship.
You visited 1 branch You collected 1924 gold pieces.
You spent 451 gold pieces at shops.

Inventory:

Hand Weapons
 a - the +11 glaive of Eternal War (weapon) {vorpal, *Noise rCorr Str+5 SInv}
   (Trog gifted it to you in the Dungeon)

   It inflicts extra damage upon your enemies.
   Str:       It affects your strength (+5).
   SInv:      It lets you see invisible.
   *Noise:    It may make noises in combat.
   rCorr:     It protects you from acid and corrosion.
 r - a +6 glaive
Missiles
 v - a silver javelin (quivered)
Armour
 t - a +0 pair of gloves (worn)
 u - a +0 hat (worn)
Jewellery
 k - a ring of protection from fire
 l - a +2 ring of evasion
 n - a +4 ring of slaying (right hand)
 o - a ring of poison resistance (left hand)
 y - a ring of fire
 A - a ring of protection from cold
Wands
 i - a wand of iceblast (9)
 s - a wand of polymorph (12)
 B - a wand of acid (12)
Scrolls
 g - a scroll of blinking
 p - 8 scrolls of enchant armour
 q - 8 scrolls of enchant weapon
 w - a scroll of holy word
 x - 5 scrolls of identify
Potions
 b - 4 potions of curing
 c - 7 potions of heal wounds
 d - 2 potions of haste
 e - 5 potions of magic
 f - a potion of berserk rage
 h - a potion of invisibility
 j - a potion of mutation
 m - a potion of might
 z - a potion of flight


   Skills:
 + Level 26.2 Fighting
 + Level 26.2 Polearms
 + Level 0.7 Throwing
 + Level 16.6 Dodging
 + Level 13.1 Stealth
 + Level 2.5 Evocations


You had 13 spell levels left.
You didn't know any spells.
Your spell library was empty.

Dungeon Overview and Level Annotations

Branches:
Dungeon (1/1)

Altars:
Cheibriados
Dithmenos
Elyvilon
Fedhas
Gozag
Hepliaklqana
Kikubaaqudgha
Makhleb
Nemelex Xobeh
Okawaru
Qazlal
Ru
Sif Muna
Trog
Uskayaw
Vehumet
Wu Jian
Xom
Yredelemnul
Zin
The Shining One
Beogh
Jiyva
Lugonu

Shops:
D [(**


Innate Abilities, Weirdness & Mutations

You can breathe bolts of dispelling energy.
Your rich purple scales are hard. (AC +8)
You cannot fit into any form of body armour.
You are cold-blooded and may be slowed by cold attacks.


Message History

You are too injured to fight recklessly!
You are too injured to fight recklessly!
You are too injured to fight recklessly!
You are too injured to fight recklessly!
You are too injured to fight recklessly!
You are too injured to fight recklessly!
You slice the vault warden!! You tail-slap the vault warden.
The vault warden is severely wounded.
You slice the vault warden!! You tail-slap the vault warden.
The vault warden is almost dead.
The vault warden hits you with a +0 dire flail.
You barely miss the vault warden.
The vault warden is almost dead.
You chop the vault warden into pieces!!!
You kill the vault warden!
Trog accepts your kill.
Trog appreciates your killing of a magic user.
Your Stealth skill increases to level 13!
You are no longer berserk.
You are exhausted.
You feel yourself slow down.
The ironbound preserver hits you with a +0 morningstar!!
Items here: )) [[ †.
You cut the ironbound preserver into ribbons!!!
You hear a sizzling sound.
You tail-slap the ironbound preserver!
You kill the ironbound preserver!
Trog accepts your kill.
Trog appreciates your killing of a magic user.
Trog grants you a weapon! Something appears at your feet!
You see here a +4 vorpal glaive.
You hear a shout!
The ironbound frostheart calls freezing cold from the walls.
The frost grips you!!!
* * * LOW HITPOINT WARNING * * *
You are encased in ice.
Your deep troll goes berserk!
The ironbound frostheart calls freezing cold from the walls.
The frost grips you!!
You die...

▓.▓)▓.▓)▓.▓.▓.▓.
▓.▓.♣)♣.▓)▓.▓.▓.▓.
▓.▓.♣.♣[▓)▓.▓.▓.▓†
▓.▓.♣.♣.▓)▓.▓.▓.▓)
▓p▓.♣.♣.▓(▓.▓)▓.▓'
▓p▓.♣.♣.▓.▓.▓'▓.▓.
▓.▓.♣.♣.▓.▓.▓)▓.▓.
▓p▓.♣.♣.▓.▓.▓.▓.▓.
▓@▓.♣.♣.▓.▓.▓.▓.▓.
▓T▓.♣.♣.▓)▓.▓.▓.▓.
▓)▓.♣)♣.▓.▓.▓.▓.▓.
▓.▓.▓[▓.▓.▓.▓.▓.▓.
▓.▓)▓.▓.▓.▓.▓.▓.▓.
▓(▓.▓.▓.▓.▓.▓)▓.▓)
▓)▓.▓.▓.▓[▓.▓)▓.▓'
▓.▓.▓.▓.▓[▓.▓)▓.▓.
▓.▓.▓.▓.▓[▓.▓)▓.▓.


You could see an ironbound frostheart, a vault sentinel (ally target), an
ironbound convoker and a friendly deep troll (summoned, berserk).

Vanquished Creatures
  Saint Roka (D)
  A lich (D)
  Gastronok (D)
  A tengu reaver (D)
  A nagaraja (D)
  Agnes (D)
  A fire giant (D)
  A vault warden (D)
  A frost giant (D)
  4 stone giants (D)
  A very ugly thing (D)
  An ironbound preserver (D)
  A vampire knight (D)
  2 entropy weavers (D)
  Azrael (D)
  An eleionoma (D)
  A spark wasp (D)
  A merfolk impaler (D)
  2 fire dragons (D)
  A merfolk javelineer (D)
  3 ettins (D)
  Snorg (D)
  A hydra (D)
  2 boulder beetles (D)
  A naga warrior (D)
  A merfolk avatar (D)
  An anaconda (D)
  2 centaur warriors (D)
  2 ogre magi (D)
  6 two-headed ogres (D)
  2 alligators (D)
  A shock serpent (D)
  A deep troll earth mage (D)
  2 naga sharpshooters (D)
  A vampire mage (D)
  A hell knight (D)
  A pharaoh ant (D)
  A spriggan druid (D)
  A bog body (D)
  2 ironbound convokers (D)
  A deep elf pyromancer (D)
  A necromancer (D)
  3 orc knights (D)
  3 wolf spiders (D)
  A mana viper (D)
  An ugly thing (D)
  2 cyclopes (D)
  A will-o-the-wisp (D)
  3 black mambas (D)
  2 cane toads (D)
  A torpor snail (D)
  2 rime drakes (D)
  3 komodo dragons (D)
  An efreet (D)
  A tengu conjurer (D)
  2 merfolk (D)
  2 tyrant leeches (D)
  A troll (D)
  2 slime creatures (D)
  2 blink frogs (D)
  A blink frog (shapeshifter) (D)
  2 jumping spiders (D)
  A yak (D)
  A water elemental (D)
  A wyvern (D)
  4 fire elementals (D)
  2 vampire mosquitoes (D)
  A warg (D)
  A naga (D)
  A hell hound (D)
  4 water moccasins (D)
  12 orc warriors (D)
  7 ogres (D)
  A necrophage (D)
  A wolf (D)
  A centaur (D)
  3 bullfrogs (D)
  10 orc priests (D)
  An iguana (D)
  4 orc wizards (D)
  A shadow imp (D)
  3 orcs (D)
  A ball python (D)
  2 endoplasms (D)
  A hobgoblin (D)
  A jackal (D)
  A quokka (D)
162 creatures vanquished.

Vanquished Creatures (collateral kills)
  A lich (D)
  A fenstrider witch (D)
  A stone giant (D)
  An ettin (D)
  A great orb of eyes (D)
  A hydra (D)
  A flayed ghost (D)
  An orc knight (D)
  A necromancer (D)
  A cane toad (D)
  2 komodo dragons (D)
  A wind drake (D)
  A merfolk (D)
14 creatures vanquished.

Vanquished Creatures (others)
  A bloated husk (D)
1 creature vanquished.

Grand Total: 177 creatures vanquished

Notes
Turn   | Place    | Note
-------+----------+-------------------------------------------
     0 | D        | mhtbhm the Draconian Berserker began the quest for the Orb.
     0 | D        | Reached XP level 1. HP: 19/19 MP: 1/1
     8 | D        | Reached ** piety under Trog
   123 | D        | Noticed an orc priest
   123 | D        | Noticed an iguana
   123 | D        | Noticed a necrophage
   127 | D        | Reached XP level 2. HP: 27/27 MP: 2/2
   129 | D        | Reached *** piety under Trog
   133 | D        | Killed a necrophage
   134 | D        | Reached skill level 5 in Dodging
   134 | D        | Reached XP level 3. HP: 37/37 MP: 3/3
   134 | D        | Reached XP level 4. HP: 44/44 MP: 4/4
   139 | D        | Reached skill level 1 in Stealth
   139 | D        | Reached XP level 5. HP: 51/51 MP: 5/5
   145 | D        | Found a snail-covered altar of Cheibriados.
   145 | D        | Found a shadowy altar of Dithmenos.
   145 | D        | Found a white marble altar of Elyvilon.
   145 | D        | Found a blossoming altar of Fedhas.
   145 | D        | Found an opulent altar of Gozag.
   146 | D        | Found a hazy altar of Hepliaklqana.
   147 | D        | Found a viscous altar of Jiyva.
   148 | D        | Found an ancient bone altar of Kikubaaqudgha.
   149 | D        | Found a corrupted altar of Lugonu.
   150 | D        | Found a burning altar of Makhleb.
   151 | D        | Found a sparkling altar of Nemelex Xobeh.
   152 | D        | Found an iron altar of Okawaru.
   153 | D        | Found a stormy altar of Qazlal.
   170 | D        | Found a sacrificial altar of Ru.
   171 | D        | Found a shimmering blue altar of Sif Muna.
   172 | D        | Found a bloodstained altar of Trog.
   173 | D        | Found a hide-covered altar of Uskayaw.
   174 | D        | Found a radiant altar of Vehumet.
   175 | D        | Found an ornate altar of the Wu Jian Council.
   176 | D        | Found a shimmering altar of Xom.
   177 | D        | Found a basalt altar of Yredelemnul.
   178 | D        | Found a glowing silver altar of Zin.
   179 | D        | Found a glowing golden altar of the Shining One.
   214 | D        | Noticed a two-headed ogre
   214 | D        | Noticed a centaur
   214 | D        | Noticed a wyvern
   214 | D        | Noticed a yak
   220 | D        | Killed a yak
   220 | D        | Reached **** piety under Trog
   221 | D        | Reached XP level 6. HP: 61/61 MP: 6/6
   223 | D        | Killed a wyvern
   224 | D        | Reached skill level 10 in Polearms
   229 | D        | Killed a two-headed ogre
   230 | D        | Reached skill level 10 in Fighting
   230 | D        | Your scales start taking on a rich purple colour.
   230 | D        | Reached XP level 7. HP: 52/73 MP: 7/7
   230 | D        | Reached XP level 8. HP: 57/80 MP: 8/8
   242 | D        | Reached ***** piety under Trog
   554 | D        | Noticed a tengu conjurer
   554 | D        | Noticed a five-headed hydra
   554 | D        | Noticed a komodo dragon
   554 | D        | Noticed a slime creature
   554 | D        | Noticed a cyclops
   558 | D        | Killed a cyclops
   565 | D        | Killed a tengu conjurer
   565 | D        | Received a gift from Trog
   569 | D        | Killed a slime creature
   570 | D        | Reached XP level 9. HP: 87/90 MP: 9/9
   577 | D        | Killed a komodo dragon
   578 | D        | Killed a five-headed hydra
   579 | D        | Reached skill level 15 in Polearms
   579 | D        | Reached skill level 10 in Dodging
   901 | D        | Noticed a cane toad
   901 | D        | Noticed a rime drake
   912 | D        | Received a gift from Trog
   913 | D        | Noticed a rime drake
   916 | D        | Noticed a komodo dragon
   921 | D        | Killed a rime drake
   927 | D        | Killed a cane toad
   933 | D        | Killed a rime drake
   934 | D        | Reached XP level 10. HP: 68/101 MP: 10/10
  1125 | D        | Noticed an eight-headed hydra
  1125 | D        | Noticed a black mamba
  1125 | D        | Noticed a torpor snail
  1125 | D        | Noticed a black mamba
  1134 | D        | Killed a black mamba
  1138 | D        | Noticed a cane toad
  1141 | D        | Received a gift from Trog
  1239 | D        | Killed a torpor snail
  1249 | D        | Killed a 17-headed hydra
  1250 | D        | Reached skill level 5 in Stealth
  1251 | D        | Killed a black mamba
  1260 | D        | Killed a cane toad
  1531 | D        | Noticed a cane toad
  1533 | D        | Reached skill level 15 in Fighting
  1539 | D        | Killed a cane toad
  1540 | D        | Reached XP level 11. HP: 112/112 MP: 11/11
  1544 | D        | Received a gift from Trog
  1676 | D        | Noticed Gastronok
  1695 | D        | Killed Gastronok
  1874 | D        | Received a gift from Trog
  1905 | D        | Reached ****** piety under Trog
  1982 | D        | Noticed an orc knight
  1982 | D        | Noticed an orc knight
  1988 | D        | Killed an orc knight
  1996 | D        | Killed an orc knight
  2011 | D        | Received a gift from Trog
  2014 | D        | Noticed an orc knight
  2025 | D        | Killed an orc knight
  2257 | D        | Found Kikegun's Assorted Antiques.
  2257 | D        | Noticed a two-headed ogre
  2257 | D        | Noticed a two-headed ogre
  2257 | D        | Noticed a two-headed ogre
  2257 | D        | Noticed an ogre mage
  2260 | D        | Noticed an ogre mage
  2264 | D        | Killed an ogre mage
  2265 | D        | Noticed a two-headed ogre
  2267 | D        | Killed a two-headed ogre
  2269 | D        | Killed a two-headed ogre
  2269 | D        | Received a gift from Trog
  2271 | D        | Killed a two-headed ogre
  2283 | D        | Killed an ogre mage
  2289 | D        | Killed a two-headed ogre
  2290 | D        | Reached XP level 12. HP: 119/127 MP: 12/12
  2291 | D        | Found Punadgh's General Store.
  2324 | D        | Found Oraovac's Weapon Boutique.
  2326 | D        | Found Hiesteoz's Armour Shop.
  2330 | D        | Noticed a two-headed ogre
  2336 | D        | Received a gift from Trog
  2342 | D        | Killed a two-headed ogre
  2407 | D        | Bought a pair of polished boots for 247 gold pieces
  2407 | D        | Identified the +0 pair of boots of Minor Irritation {+Inv
                  | rElec} (You bought it in a shop in the Dungeon)
  2407 | D        | Bought a scroll labelled BEIBBIZX BOGH for 26 gold pieces
  2407 | D        | Bought a scroll labelled ZYTAHE RYQECEPN for 26 gold pieces
  2407 | D        | Bought a scroll labelled ZYTAHE RYQECEPN for 26 gold pieces
  2409 | D        | Bought a scroll of identify for 28 gold pieces
  2409 | D        | Bought a scroll of identify for 28 gold pieces
  2409 | D        | Bought a scroll of identify for 28 gold pieces
  2409 | D        | Bought a potion of flight for 42 gold pieces
  2606 | D        | Noticed a boulder beetle
  2606 | D        | Noticed a centaur warrior
  2606 | D        | Noticed a centaur warrior
  2611 | D        | Killed a centaur warrior
  2616 | D        | Killed a centaur warrior
  2616 | D        | Received a gift from Trog
  2621 | D        | Killed a boulder beetle
  2623 | D        | Noticed a lich
  2634 | D        | Noticed an ettin
  2643 | D        | Killed a lich
  2689 | D        | Killed an ettin
  2689 | D        | Received a gift from Trog
  2814 | D        | Noticed a vampire mage
  2991 | D        | Noticed a stone giant
  2997 | D        | Killed a stone giant
  3322 | D        | Noticed a jiangshi
  3322 | D        | Noticed a jiangshi
  3324 | D        | Killed a vampire mage
  3405 | D        | Noticed a stone giant
  3416 | D        | Killed a stone giant
  3682 | D        | Noticed Snorg
  3692 | D        | Killed Snorg
  3693 | D        | Reached skill level 1 in Evocations
  3866 | D        | Noticed a merfolk impaler
  3866 | D        | Noticed a merfolk avatar
  3870 | D        | Noticed a merfolk javelineer
  3872 | D        | Killed a merfolk avatar
  3872 | D        | Identified the +3 glaive "Beastslayer" {vorpal, rC++} (Trog
                  | gifted it to you in the Dungeon)
  3872 | D        | Received a gift from Trog
  3882 | D        | Killed a merfolk impaler
  3885 | D        | Reached XP level 13. HP: 141/141 MP: 13/13
  3895 | D        | Reached skill level 10 in Stealth
  3900 | D        | Killed a merfolk javelineer
  3907 | D        | HP: 6/143 [merfolk (17)]
  3913 | D        | Identified the +10 quarterstaff "Zirut" {vorpal, rC+ Will+
                  | Dex-2} (Trog gifted it to you in the Dungeon)
  3913 | D        | Received a gift from Trog
  4285 | D        | Noticed a nagaraja
  4305 | D        | Killed a nagaraja
  4374 | D        | Received a gift from Trog
  4375 | D        | Reached skill level 15 in Dodging
  5099 | D        | Noticed an eleionoma
  5105 | D        | Received a gift from Trog
  5112 | D        | Killed an eleionoma
  5114 | D        | Received a gift from Trog
  5117 | D        | Noticed a fenstrider witch
  5131 | D        | HP: 4/146 [fenstrider witch (19)]
  5134 | D        | Killed a fenstrider witch
  5451 | D        | Noticed an entropy weaver
  5451 | D        | Noticed an entropy weaver
  5452 | D        | Noticed a spark wasp
  5456 | D        | Killed an entropy weaver
  5456 | D        | Received a gift from Trog
  5459 | D        | Killed an entropy weaver
  5467 | D        | Received a gift from Trog
  5471 | D        | Killed a spark wasp
  5727 | D        | Noticed Azrael
  5737 | D        | Killed Azrael
  5805 | D        | Noticed Agnes
  5813 | D        | Killed Agnes
  6027 | D        | Noticed Saint Roka
  6030 | D        | Received a gift from Trog
  6049 | D        | Killed Saint Roka
  6050 | D        | Reached XP level 14. HP: 71/159 MP: 14/14
  6368 | D        | Noticed a vampire knight
  6368 | D        | Noticed a lich
  6368 | D        | Noticed a purple very ugly thing
  6374 | D        | Killed a purple very ugly thing
  6378 | D        | Killed a lich
  6380 | D        | Noticed a stone giant
  6385 | D        | Received a gift from Trog
  6392 | D        | Killed a vampire knight
  6393 | D        | Received a gift from Trog
  6394 | D        | Noticed a stone giant
  6395 | D        | Noticed a fire giant
  6401 | D        | Killed a stone giant
  6442 | D        | Killed a stone giant
  6824 | D        | Killed a fire giant
  6824 | D        | Identified the +11 glaive of Eternal War {vorpal, *Noise
                  | rCorr Str+5 SInv} (Trog gifted it to you in the Dungeon)
  6824 | D        | Received a gift from Trog
  7226 | D        | Noticed a frost giant
  7227 | D        | Noticed a tengu reaver
  7228 | D        | Noticed a stone giant
  7233 | D        | Killed a frost giant
  7235 | D        | HP: 11/243 [tengu reaver/bolt of fire (63)]
  7238 | D        | Killed a tengu reaver
  7242 | D        | Killed a stone giant
  7650 | D        | Noticed an ironbound preserver
  7652 | D        | Noticed a vault warden
  7653 | D        | Identified the +12 demon blade of Plunder {flame, Drain
                  | *Slow rCorr Stlth+} (Trog gifted it to you in the Dungeon)
  7653 | D        | Received a gift from Trog
  7672 | D        | Killed a vault warden
  7674 | D        | Killed an ironbound preserver
  7674 | D        | Received a gift from Trog
  7675 | D        | Killed from afar by an ironbound frostheart

Illustrated notes

Levels and vault maps discovered:
D:        linesprint [early_d, line_temple, items_1, d_10, items_2, lair_1,
          lair_end, items_3, orc_1, orc_end, items_4, d_15, swamp_1, shoals_1,
          snake_1, spider_1, d_20, vaults_1, items_5, swamp_end, shoals_end,
          snake_end, spider_end, vaults_end, d_27, items_6, zot_1, zot_end,
          crypt_end, forest_end, elf_end, slime_end, tomb_end, abyss_end,
          pan_hell_end]

Skill      XL: |  1  2  3  4  5  6  7  8  9 10 11 12 13 14 |
---------------+-------------------------------------------+-----
Dodging        | 3 5 6 8 9 10 12 13 14 16 | 16.6
Fighting       | 4 6 8 10 11 13 15 18 20 24 26 | 26.2
Polearms       | 4 6 7 9 12 14 16 18 20 22 24 26 | 26.2
Stealth        | 1 2 4 5 7 9 11 13 | 13.1
Evocations     | 1 2 |  2.5
Throwing       | |  0.7

Action                   |  1- 3 |  4- 6 |  7- 9 | 10-12 | 13-15 || total
-------------------------+-------+-------+-------+-------+-------++-------
Melee: Spear             |    20 |     5 |       |       |       ||    25
       Tailslap          |     3 |     4 |     7 |    39 |    30 ||    83
       Halberd           |       |    12 |    61 |   275 |    17 ||   365
       Glaive            |       |       |       |       |   211 ||   211
Throw: Javelin           |       |       |       |       |     1 ||     1
Invok: Berserk           |     1 |     1 |     2 |     8 |     7 ||    19
       Brothers in Arms  |       |       |     1 |     3 |     6 ||    10
Evoke: Wand              |       |       |       |     1 |     2 ||     3
  Use: Potion            |       |       |     1 |     3 |     5 ||     9
       Scroll            |       |       |       |     1 |     1 ||     2
 Stab: Distracted        |     1 |       |       |     1 |       ||     2
       Sleeping          |       |       |     1 |     3 |     4 ||     8
Armor: Skin              |     2 |     1 |    16 |    23 |    17 ||    59
Dodge: Dodged            |     5 |     5 |    36 |   108 |    68 ||   222

Table legend: (Time is in decaauts)
 A = Elapsed time spent in this place.
 B = Non-inter-level travel time spent in this place.
 C = Inter-level travel time spent in this place.
 D = Time resting spent in this place.
 E = Time spent auto-exploring this place.
 F = Levels seen in this place.
 G = Mean time per level.
                   A        B        C        D        E       F      G
               +--------+--------+--------+--------+--------+-----+--------+
         Total |   7623 |   7623 |      0 |   4161 |   2062 |   1 | 7623.0 |
       Dungeon |   7623 |   7623 |      0 |   4161 |   2062 |   1 | 7623.0 |
               +--------+--------+--------+--------+--------+-----+--------+

Top non-repeatable levels by time:
       D: 7623 daAuts
